 Dungeon Crawl Stone Soup version 0.24.0-13-gcf9b3192b9 (webtiles) character file.

Game seed: 6679484419872000386, levelgen mode: deterministic

19482 roguesci the Bludgeoner (level 12, -8/73 HPs)
             Began as a Gargoyle Fighter on Nov 10, 2019.
             Was a Follower of Uskayaw.
             Killed from afar by a wretched star (20 damage)
             ... with an orb of energy
             ... on level 2 of the Abyss.
             The game lasted 00:37:07 (14035 turns).

roguesci the Bludgeoner (Gargoyle Fighter)         Turns: 14035, Time: 00:37:07

Health: -8/73      AC: 31    Str: 28      XL:     12   Next: 69%
Magic:  15/15      EV:  6    Int: 14      God:    Uskayaw [*.....]
Gold:   361        SH: 11    Dex:  8 (9)  Spells: 11/11 levels left

rFire    + + .     SeeInvis +   I - +3 morningstar of the Skies Above {freeze, Str+5}
rCold    + . .     Gourm    .   c - +0 shield
rNeg     + . .     Faith    .   q - +0 plate armour
rPois    ∞         Spirit   .   w - +2 helmet {SInv}
rElec    +         Reflect  .   (no cloak)
rCorr    +         Harm     .   E - +0 pair of gloves
MR       .....                  L - +2 pair of boots
Stlth    ..........             (no amulet)
HPRegen  0.22/turn              d - ring of protection from fire
MPRegen  0.14/turn              (no ring)

@: brilliant, about to teleport, resistant
A: [deterioration 1], [dopey 1], negative energy resistance 1, electricity
resistance, unbreathing, petrification resistance, rot immunity, AC +8
a: Stomp, Renounce Religion


You were on level 2 of the Abyss.
You worshipped Uskayaw.
Uskayaw was noncommittal.
You were not hungry.

You visited 2 branches of the dungeon, and saw 13 of its levels.
You visited the Abyss 1 time.

You collected 837 gold pieces.
You spent 476 gold pieces at shops.

Inventory:

Hand Weapons
 I - the +3 morningstar of the Skies Above (weapon) {freeze, Str+5}
   (You bought it in a shop on level 5 of the Dungeon)

   It has been specially enchanted to freeze those struck by it, causing extra
   injury to most foes and up to half again as much damage against particularly
   susceptible opponents.
   It can also slow down cold-blooded creatures.
   It affects your strength (+5).
Missiles
 m - 290 stones (quivered)
Armour
 c - a +0 shield (worn)
 q - a +0 plate armour (worn)
 w - a +2 helmet of see invisible (worn)
 E - a +0 pair of gloves (worn)
 L - a +2 pair of boots (worn)
Jewellery
 d - a ring of protection from fire (left hand)
 N - a cursed ring of teleportation {unknown}
Wands
 h - a wand of random effects (11)
 r - a wand of polymorph (6)
 y - a wand of flame (43)
 z - a wand of paralysis (8)
 C - a wand of iceblast (24)
 D - a wand of clouds (7)
 F - a wand of digging (4)
 H - a wand of acid (4)
 K - a wand of disintegration (12)
Scrolls
 a - a scroll of random uselessness {unknown}
 b - 2 scrolls of fear {unknown}
 e - 4 scrolls of magic mapping {unknown}
 j - 2 scrolls of noise {unknown}
 k - 2 scrolls of amnesia {unknown}
 n - 3 scrolls of immolation {unknown}
 p - 2 scrolls of summoning {unknown}
 s - 9 scrolls of identify
 t - 6 scrolls of remove curse
 u - 3 scrolls of teleportation
 v - 2 scrolls of enchant armour
 x - 4 scrolls of enchant weapon
 A - a scroll of blinking {unknown}
 G - 2 scrolls of fog {unknown}
Potions
 i - a potion of brilliance
 B - 4 potions of flight
Comestibles
 f - 17 rations


   Skills:
 - Level 7.6 Fighting
 * Level 15.2 Maces & Flails
 - Level 10.2 Armour
 - Level 1.0 Dodging
 - Level 7.6 Shields
 - Level 4.5 Invocations


You had 11 spell levels left.
You didn't know any spells.
Your spell library contained the following spells:

 Spells                   Type           Power        Failure   Level  Hunger
 Animate Skeleton         Necr           N/A          47%         1    ##.....
 Apportation              Tloc           #.....       47%         1    ##.....
 Confusing Touch          Hex            #.....       47%         1    ##.....
 Shock                    Conj/Air       #...         47%         1    ##.....
 Summon Small Mammal      Summ           #...         47%         1    ##.....
 Call Imp                 Summ           #.......     61%         2    ###....
 Poisonous Vapours        Pois/Air       #.....       61%         2    ###....
 Swiftness                Chrm/Air       #.......     61%         2    ###....
 Call Canine Familiar     Summ           #.......     80%         3    ####...
 Conjure Flame            Conj/Fire      #.......     80%         3    ####...
 Mephitic Cloud           Conj/Pois/Air  #.......     80%         3    ####...
 Static Discharge         Conj/Air       #.......     80%         3    ####...
 Summon Guardian Golem    Hex/Summ       #.......     80%         3    ####...
 Airstrike                Air            #.........   98%         4    #####..
 Summon Ice Beast         Ice/Summ       #.......     98%         4    #####..
 Summon Lightning Spire   Summ/Air       #.......     98%         4    #####..
 Lightning Bolt           Conj/Air       #.........   100%        5    ######.
 Freezing Cloud           Conj/Ice/Air   #.........   100%        6    #######
 Ring of Flames           Chrm/Fire      #.........   100%        7    #######


Dungeon Overview and Level Annotations

Branches:
Dungeon (12/15)            Temple (1/1) D:6            Lair (0/6) D:11
    Orc (0/2) D:11

Altars:
Ashenzari
Cheibriados
Dithmenos
Elyvilon
Fedhas
Gozag
Hepliaklqana
Kikubaaqudgha
Makhleb
Nemelex Xobeh
Okawaru
Qazlal
Ru
Sif Muna
Trog
Uskayaw
Vehumet
Wu Jian
Xom
Yredelemnul
Zin
The Shining One

Shops:
D:5 (   D:6 !}(

Annotations:
D:12 Sonja


Innate Abilities, Weirdness & Mutations

You are resistant to torment.
Your stone body is resilient. (AC +8)
You are immune to poison.
You resist negative energy. (rN+)
You are resistant to electric shocks. (rElec)
You can survive without breathing.
You are immune to petrification.
You are immune to rotting.
[Your body sometimes deteriorates upon taking damage.]
[You are dopey. (Int -2)]


Message History

You can no longer pass through a line of other dancers.
You start to feel less resistant.
You start resting.
Your resistance to elements expires.
You start resting.
A wretched star comes into view.
A wretched star is nearby!
As you read the scroll of teleportation, it crumbles to dust.
You feel strangely unstable.
You feel the power of the Abyss delaying your translocation!
The wretched star glows turbulently.
You block the orb of energy.
You feel protected.
The wretched star glows turbulently.
The orb of energy hits you!!
* * * LOW HITPOINT WARNING * * *
You feel clever all of a sudden.
The wretched star glows turbulently.
The orb of energy hits you!!
You die...

. .# .
#########
.
#@.......#
#........
. # #
#........
##.....#..
#.......#
# .
#.......
.....*.#
..
######'#.
..


You could see a wretched star.

Vanquished Creatures
  Josephine (D:11)
  A rakshasa (D:11)
  2 two-headed ogres
  2 thrashing horrors (Abyss:2)
  2 large abominations (Abyss:2)
  2 deep elf magi
  An ugly thing (D:11)
  2 manticores (D:11)
  A worldbinder (Abyss:2)
  A cyclops (D:11)
  Psyche (D:8)
  A gargoyle (D:11)
  A smoke demon (Abyss:2)
  A centaur skeleton (D:12)
  A komodo dragon (D:11)
  A demonic crawler (Abyss:2)
  2 ancient zymes (Abyss:2)
  A hellwing (Abyss:2)
  A queen bee (D:9)
  Prince Ribbit (D:8)
  6 raiju (Abyss:2)
  A hippogriff (D:10)
  A meliai zombie (D:11)
  6 wraiths
  A wyvern (D:11)
  Grum (D:11)
  A hungry ghost (D:7)
  A neqoxec (Abyss:2)
  A steam dragon (D:11)
  A hell hound (Abyss:2)
  An ice beast (D:8)
  4 sky beasts
  A black bear (D:5)
  2 phantoms
  A necrophage (D:10)
  3 ogres
  2 wolves (D:11)
  11 centaurs
  A crocodile (D:11)
  A big kobold (D:11)
  9 bullfrogs
  A water moccasin skeleton (D:5)
  A wyvern skeleton (D:11)
  5 scorpions
  16 killer bees (D:9)
  4 wights (D:10)
  2 howler monkeys
  5 crimson imps
  3 small abominations (Abyss:2)
  2 bullfrog zombies
  7 orc wizards
  3 quasits
  6 orc priests
  6 hounds
  4 jellies
  3 bullfrog skeletons
  5 iguanas
  Jessica (D:2)
  Terence (D:3)
  10 worker ants
  Robin (D:3)
  12 gnolls
  2 worker ant zombies
  18 adders
  2 shadow imps
  A white imp (Abyss:2)
  An ufetubus (Abyss:2)
  An ooze (D:4)
  2 adder zombies
  3 dart slugs
  13 leopard geckos
  21 orcs
  3 ball pythons
  5 giant cockroaches
  15 goblins
  7 hobgoblins
  10 jackals
  2 quokkas
  7 bats
  5 frilled lizards
  A giant cockroach zombie (D:6)
  2 jackal skeletons (D:6)
  8 kobolds
  A leopard gecko zombie (D:6)
  2 rats
312 creatures vanquished.

Vanquished Creatures (others)
  An adder (D:11)
  8 plants (D:11)
9 creatures vanquished.

Grand Total: 321 creatures vanquished

Notes
Turn   | Place    | Note
-------+----------+-------------------------------------------
     0 | D:1      | roguesci the Gargoyle Fighter began the quest for the Orb.
     0 | D:1      | Reached XP level 1. HP: 14/14 MP: 1/1
   105 | D:1      | Reached XP level 2. HP: 10/19 MP: 2/2
   502 | D:1      | Reached XP level 3. HP: 22/23 MP: 3/3
   671 | D:1      | Reached skill level 1 in Dodging
  1310 | D:2      | Reached XP level 4. HP: 27/29 MP: 4/4
  1386 | D:2      | Reached skill level 3 in Maces & Flails
  2004 | D:3      | Noticed Jessica
  2062 | D:2      | Killed Jessica
  2073 | D:3      | Reached XP level 5. HP: 33/33 MP: 5/5
  2636 | D:3      | Noticed Terence
  2649 | D:3      | Killed Terence
  2762 | D:3      | Reached XP level 6. HP: 38/38 MP: 6/6
  2807 | D:3      | Noticed Robin
  2825 | D:3      | Killed Robin
  3106 | D:3      | You fall into a shaft and drop 1 floor!
  3122 | D:4      | Reached skill level 4 in Maces & Flails
  3307 | D:3      | Found a snail-covered altar of Cheibriados.
  3883 | D:4      | Reached skill level 5 in Armour
  3977 | D:4      | Reached XP level 7. HP: 43/44 MP: 7/7
  4541 | D:5      | Entered Level 5 of the Dungeon
  4657 | D:5      | Reached skill level 5 in Maces & Flails
  4661 | D:5      | Reached skill level 5 in Shields
  4669 | D:5      | Reached skill level 5 in Fighting
  4669 | D:5      | Reached XP level 8. HP: 47/49 MP: 8/8
  4952 | D:5      | Found a hazy altar of Hepliaklqana.
  5035 | D:5      | Found Roajin's Weapon Shop.
  5208 | D:5      | Found an ornate altar of the Wu Jian Council.
  5220 | D:5      | Found a glowing silver altar of Zin.
  5220 | D:5      | Found a shimmering blue altar of Sif Muna.
  5576 | D:6      | Reached skill level 6 in Maces & Flails
  5724 | D:6      | Found Abix's Gadget Shoppe.
  5752 | D:6      | Found Vahuynaqui's Antique Weapon Boutique.
  5867 | D:6      | Found a staircase to the Ecumenical Temple.
  5880 | Temple   | Entered the Ecumenical Temple
  6091 | Temple   | Became a worshipper of Uskayaw the Reveler
  6137 | D:6      | Reached * piety under Uskayaw
  6218 | D:6      | Found Juan's Distillery.
  6225 | D:6      | Reached ** piety under Uskayaw
  6230 | D:6      | Reached *** piety under Uskayaw
  6905 | D:7      | Reached XP level 9. HP: 42/55 MP: 9/9
  6907 | D:7      | Reached **** piety under Uskayaw
  7179 | D:7      | Reached skill level 7 in Maces & Flails
  7573 | D:8      | Found a bloodstained altar of Trog.
  7600 | D:8      | Noticed Psyche
  7607 | D:8      | Killed Psyche
  7670 | D:8      | Noticed Prince Ribbit
  7714 | D:8      | Killed Prince Ribbit
  7917 | D:8      | Found a sparkling altar of Nemelex Xobeh.
  8863 | D:9      | Noticed a queen bee
  8894 | D:9      | Reached skill level 8 in Maces & Flails
  8921 | D:9      | Killed a queen bee
  8921 | D:9      | Reached skill level 1 in Invocations
  8921 | D:9      | Reached XP level 10. HP: 63/63 MP: 10/10
  8932 | D:9      | Reached ***** piety under Uskayaw
  9861 | D:10     | Entered Level 10 of the Dungeon
  9909 | D:10     | Noticed a two-headed ogre
  9929 | D:10     | Killed a two-headed ogre
  9929 | D:10     | Reached skill level 10 in Armour
 10076 | D:10     | Reached skill level 9 in Maces & Flails
 10308 | D:5      | Bought the +3 morningstar of the Skies Above {freeze,
                  | Str+5} for 476 gold pieces
 11190 | D:11     | Reached XP level 11. HP: 67/68 MP: 14/14
 11208 | D:11     | Noticed a manticore
 11209 | D:11     | Noticed Josephine
 11212 | D:11     | Killed a manticore
 11212 | D:11     | Reached skill level 10 in Maces & Flails
 11228 | D:11     | Killed Josephine
 11238 | D:11     | Reached skill level 11 in Maces & Flails
 11259 | D:11     | Reached ****** piety under Uskayaw
 11482 | D:11     | Noticed a cyclops
 11486 | D:11     | Noticed a two-headed ogre
 11504 | D:11     | Killed a cyclops
 11634 | D:11     | Noticed a green ugly thing
 11641 | D:11     | Killed a green ugly thing
 11641 | D:11     | Reached skill level 12 in Maces & Flails
 11699 | D:11     | Noticed a rakshasa
 11726 | D:11     | Killed a rakshasa
 11797 | D:11     | Found a radiant altar of Vehumet.
 11809 | D:11     | Found a staircase to the Orcish Mines.
 11860 | D:11     | Found a staircase to the Lair.
 12148 | D:11     | Noticed Grum
 12166 | D:11     | Killed Grum
 12238 | D:11     | Noticed a manticore
 12243 | D:11     | Killed a manticore
 12544 | D:11     | Killed a two-headed ogre
 12544 | D:11     | Reached skill level 13 in Maces & Flails
 12653 | D:12     | Reached XP level 12. HP: 73/73 MP: 15/15
 13266 | D:12     | Noticed Sonja
 13270 | D:12     | Cast into level 2 of the Abyss (Sonja)
 13341 | Abyss:2  | Noticed a wretched star
 13523 | Abyss:2  | Reached skill level 14 in Maces & Flails
 13619 | Abyss:2  | Noticed a thrashing horror
 13627 | Abyss:2  | Noticed a starcursed mass
 13641 | Abyss:2  | Killed a thrashing horror
 13852 | Abyss:2  | Noticed a thrashing horror
 13859 | Abyss:2  | Killed a thrashing horror
 13866 | Abyss:2  | Noticed a wretched star
 13878 | Abyss:2  | Noticed a thrashing horror
 13894 | Abyss:2  | Noticed a wretched star
 13898 | Abyss:2  | Reached skill level 15 in Maces & Flails
 13904 | Abyss:2  | Noticed a blizzard demon
 14031 | Abyss:2  | Noticed a wretched star
 14035 | Abyss:2  | Killed from afar by a wretched star

Levels and vault maps discovered:
D:1:      saegor_arrival_simple_a, layout_loops_ring, minmay_tetromino_i2
D:2:      layout_loops_corners
D:3:      layout_loops_ring, kennysheep_slug_shrine, uniq_terence, uniq_jessica,
          uniq_robin
D:4:      layout_basic
D:5:      layout_basic, nicolae_overflow_crystal_walls, minitemple,
          serial_shops, shop, first_ration, corexii_item_surrounded_by_moat
D:6:      minmay_angry_zag, layout_basic, minmay_temple_entry_glass,
          serial_shops, shop, nicolae_shop_waterfront,
          nicolae_shop_temple_entry_statues_fountains
D:7:      layout_gridville
D:8:      layout_basic, overflow_temple_1_default,
          nemelex_xobeh_ov_fountains_minmay, uniq_prince_ribbit1, uniq_psyche
D:9:      layout_irregular_city, david_nohive_1
D:10:     layout_gridville
D:11:     layout_irregular_city, david_lair_shrubbed, orc_0_dummy, basic_altar,
          minmay_shattered_shrine, uniq_josephine, uniq_grum
D:12:     layout_grid_maze, uniq_sonja, uniq_nergalle
Temple:   regret_index_temple_generic_petals
Abyss:2:  evilmike_abyss_exit_12, evilmike_abyss_exit_vortex

Skill      XL: |  1  2  3  4  5  6  7  8  9 10 11 12 |
---------------+-------------------------------------+-----
Dodging        | 1 |  1.0
Maces & Flails | 3 4 5 6 8 9 13 15 | 15.2
Armour         | 4 5 6 7 9 10 | 10.2
Fighting       | 4 5 7 |  7.6
Shields        | 4 5 6 7 |  7.6
Invocations    | 1 4 |  4.5

Action                   |  1- 3 |  4- 6 |  7- 9 | 10-12 || total
-------------------------+-------+-------+-------+-------++-------
Melee: Flail             |   182 |   333 |   604 |   238 ||  1357
       Morningstar       |       |       |       |   450 ||   450
Throw: Stone             |       |    10 |       |       ||    10
Invok: Line Pass         |       |       |       |     2 ||     2
       Stomp             |       |       |       |     4 ||     4
  Use: Scroll            |       |       |     6 |     7 ||    13
       Potion            |       |       |    13 |    13 ||    26
 Stab: Paralysed         |       |       |     4 |    30 ||    34
  Eat: Chunk             |     2 |     9 |    12 |    17 ||    40
       Ration            |       |       |     5 |     1 ||     6
Armor: Scale mail        |    68 |       |       |       ||    68
       Plate armour      |    62 |   280 |   451 |   520 ||  1313
       Skin              |       |       |     7 |       ||     7
Dodge: Dodged            |    54 |    50 |   125 |   198 ||   427
Block: Shield            |   116 |   191 |   377 |   477 ||  1161
